 Dungeon Crawl Stone Soup version 0.22.1-1-ga44c0e56f4 (webtiles) character file.

27 Belius the Ruffian (level 2, -1/23 HPs)
             Began as a Draconian Transmuter on Sept 25, 2018.
             Slain by an adder (2 damage)
             ... on level 2 of the Dungeon.
             The game lasted 00:02:25 (1137 turns).

Belius the Ruffian (Draconian Transmuter)           Turns: 1137, Time: 00:02:25

Health: -1/23      AC:  5    Str: 12    XL:     2   Next: 93%
Magic:  4/5        EV: 12    Int: 13    God:
Gold:   129        SH:  0    Dex: 11    Spells: 4/5 levels left

rFire    + . .     SeeInvis .     - Unarmed
rCold    + . .     Gourm    .   (no shield)
rNeg     . . .     Faith    .   (armour unavailable)
rPois    +         Spirit   .   (helmet restricted)
rElec    +         Reflect  .   (no cloak)
rCorr    +         Harm     .   (no gloves)
MR       .....                  k - +0 pair of boots
Stlth    +.........             (no amulet)
HPRegen  0.07/turn              (no ring)
MPRegen  0.09/turn              (no ring)

@: lethally poisoned (-1 -> -7), appendage (expiring), resistant, flying
A: unfitting armour, horns 2, cold-blooded, AC +4
a: End Transformation


You were on level 2 of the Dungeon.
You were not hungry.
You had grown temporary horns.
You visited 1 branch of the dungeon, and saw 2 of its levels.

You collected 129 gold pieces.

Inventory:

Missiles
 a - 62 arrows
Armour
 k - a +0 pair of boots (worn)
Scrolls
 d - a scroll of identify {unknown}
 f - a scroll of noise {unknown}
 g - 2 scrolls of teleportation {unknown}
 h - a scroll of fog {unknown}
 j - a scroll of remove curse {unknown}
Potions
 e - 2 potions of flight
Comestibles
 c - 4 rations


   Skills:
 - Level 1.1 Fighting
 + Level 1.9 Dodging
 + Level 3.4 Unarmed Combat
 + Level 2.2 Spellcasting
 * Level 2.5 Transmutations


You had 4 spell levels left.
You knew the following spells:

 Your Spells              Type           Power        Failure   Level  Hunger
a - Beastly Appendage     Tmut           #.....       9%          1    ##.....

Your spell library contained the following spells:

 Spells                   Type           Power        Failure   Level  Hunger
 Sticks to Snakes         Tmut           #.......     13%         2    ###....
 Spider Form              Tmut/Pois      #.........   41%         3    ####...
 Ice Form                 Ice/Tmut       #.......     82%         4    #####..
 Blade Hands              Tmut           #.........   94%         5    ######.


Dungeon Overview and Level Annotations

Branches:
Dungeon (2/15)

Altars:
Okawaru
Trog
Vehumet


Innate Abilities, Weirdness & Mutations

Your plain brown scales are hard. (AC +4)
You cannot fit into any form of body armour.
You are cold-blooded and may be slowed by cold attacks.
You have a pair of horns on your head.


Message History

You closely miss the adder.
Your tail-slap misses the adder.
The adder is severely wounded.
The dart slug bites you but does no damage.
The adder bites you.
You are poisoned.
The adder poisons you! The dart slug barely misses you.
You hit the adder but do no damage. Your headbutt misses the adder.
The adder is severely wounded.
You feel sick. The adder completely misses you.
The dart slug closely misses you. The dart slug launches a dart at you.
The slug dart hits you!
* * * LOW HITPOINT WARNING * * *
It was a potion of resistance.
You feel protected. The adder closely misses you.
Your transformation is almost over.
* * * LOW HITPOINT WARNING * * *
You feel sick. The adder bites you.
You die...

#.# .#.... #..##..
..## #..... ..#
##+## #...#
#.###...## #..##
#..#.....##
#..)###.........##
##.wS.............#
#..w.@..'.........+
#....####.........#
#.#.## ##.......##
#.### ##.....## #
##...## ##'## #.#
#.# ##.##


You could see an adder and 2 dart slugs.

Vanquished Creatures
  An adder (D:2)
  An ooze (D:1)
  A ball python (D:1)
  3 bats
  A goblin (D:1)
  2 hobgoblins
  2 frilled lizards (D:1)
  3 kobolds
  2 rats (D:1)
16 creatures vanquished.

Notes
Turn   | Place    | Note
-------+----------+-------------------------------------------
     0 | D:1      | Belius the Draconian Transmuter began the quest for the
                  | Orb.
     0 | D:1      | Reached XP level 1. HP: 16/16 MP: 3/3
   380 | D:1      | Reached XP level 2. HP: 18/23 MP: 3/5
   881 | D:2      | Found a radiant altar of Vehumet.
   881 | D:2      | Found a bloodstained altar of Trog.
   884 | D:2      | Found an iron altar of Okawaru.
  1137 | D:2      | HP: 1/23 [poisoned by an adder]
  1137 | D:2      | Slain by an adder

Action                   || total
-------------------------++-------
Melee: Unarmed           ||    47
       Headbutt          ||     4
       Kick              ||     2
       Tailslap          ||     3
 Cast: Beastly Appendage ||    13
  Use: Potion            ||     3
 Stab: Sleeping          ||     1
  Eat: Chunk             ||     1
Armor: Skin              ||    21
Dodge: Dodged            ||    31
